 Dungeon Crawl Stone Soup version 0.30-a0-364-gf6b3ef1049 (webtiles) character file.

Game seed: 3552033707109345561

206 Hubris850 the Insei (level 5, -7/38 HPs)
             Began as a Merfolk Transmuter on Nov 14, 2022.
             Splashed by a jelly's acid (11 damage)
             ... on level 3 of the Dungeon.
             The game lasted 00:06:18 (2189 turns).

Hubris850 the Insei (Merfolk Transmuter)            Turns: 2189, Time: 00:06:19

Health: -7/38      AC: -3    Str:  5    XL:     5   Next: 84%
Magic:  8/8        EV: 12    Int: 15    God:
Gold:   194        SH:  0    Dex: 14    Spells: 1/9 levels left

rFire   . . .      SeeInvis .      - Unarmed
rCold   . . .      Faith    .    (no shield)
rNeg    . . .      Spirit   .    t - +2 leather armour "Eckipeiv" {-Cast +Inv Regen+ Str-5}
rPois   .          Reflect  .    (no helmet)
rElec   .          Harm     .    (no cloak)
rCorr   .          Rampage  .    (no gloves)
Will    .....      NoCast   +    (no boots)
Stlth   +.........               (no amulet)
HPRegen 1.06/turn                (no ring)
MPRegen 0.11/turn                (no ring)

@: corroded
A: (nimble swimmer 2), mertail
a: Evoke Invisibility


You were on level 3 of the Dungeon.
You visited 1 branch of the dungeon, and saw 3 of its levels.

You collected 194 gold pieces.

Inventory:

Missiles
 o - 7 poisoned darts
 p - 4 boomerangs (quivered)
Armour
 a - a +0 robe
 f - a +0 ring mail
 t - the +2 leather armour "Eckipeiv" (worn) {-Cast +Inv Regen+ Str-5}
   (You found it on level 3 of the Dungeon)

   Str:       It affects your strength (-5).
   +Inv:      It lets you turn invisible.
   -Cast:     It prevents spellcasting.
   Regen:     It increases your rate of health regeneration.
Scrolls
 c - a scroll of amnesia {unknown}
 d - 4 scrolls of identify {unknown}
 g - 2 scrolls of teleportation {unknown}
 h - a scroll of acquirement {unknown}
 i - 3 scrolls of noise {unknown}
 k - a scroll of silence {unknown}
 s - a scroll of magic mapping {unknown}
Potions
 b - a potion of lignification
 e - a potion of heal wounds {unknown}
 j - a potion of degeneration {unknown}
 l - 3 potions of curing {unknown}
 m - 2 potions of invisibility {unknown}
 n - a potion of brilliance {unknown}
 q - 2 potions of attraction {unknown}
 r - 2 potions of haste {unknown}


   Skills:
 - Level 2.0 Fighting
 - Level 3.0 Dodging
 - Level 5.2 Unarmed Combat
 + Level 2.6 Spellcasting
 + Level 3.7 Transmutations
 + Level 2.1 Ice Magic


You had one spell level left.
You knew the following spells:

 Your Spells              Type           Power      Damage    Failure   Level
a - Beastly Appendage     Tmut           26%        N/A       8%          1
b - Ozocubu's Armour      Ice            8%         N/A       41%         3
c - Ice Form              Ice/Tmut       10%        N/A       71%         4

Your spell library contained the following spells:

 Spells                   Type           Power      Damage    Failure   Level
 Wereblood                Tmut           13%        N/A       12%         2
 Spider Form              Tmut/Pois      7%         N/A       43%         3
 Ozocubu's Refrigeration  Ice            4%         4d8       100%        7


Dungeon Overview and Level Annotations

Branches:
Dungeon (3/15)

Altars:
Xom

Shops:
D:2 =


Innate Abilities, Weirdness & Mutations

((You are very nimble when in or above water. (Stealth+, EV+, Speed+++)))
Your lower body shifts to a powerful aquatic tail in water.


Message History

There is an open door here.
You start resting.
HP restored.
You open the door.
Found a long sword.
Found a shimmering altar of Xom.
There is an open door here.
You open the door.
You swap places.
There is an open door here.
There is an open door here.
You swap places.
You open the door.
A jelly comes into view.
The jelly quivers.
The jelly hits you.
You are splashed with acid!
There is an open door here.
You hit the jelly.
Your hands burn!
The jelly is lightly wounded.
You hit the jelly.
Your hands burn!
You punch the jelly, but do no damage.
The jelly is heavily wounded.
The jelly misses you.
You barely miss the jelly.
The jelly is heavily wounded.
The jelly hits you but does no damage.
You barely miss the jelly.
The jelly is heavily wounded.
The jelly hits you. The acid corrodes you!
You are splashed with acid!
You hit the jelly.
Your hands burn!
The jelly is severely wounded.
The jelly hits you. The acid corrodes you!
You are splashed with acid!
* * * LOW HITPOINT WARNING * * *
You hit the jelly.
Your hands burn!
* * * LOW HITPOINT WARNING * * *
You punch the jelly, but do no damage.
The jelly is almost dead.
The jelly hits you.
* * * LOW HITPOINT WARNING * * *
You are splashed with acid!
You die...

.......##.##....# ###.#
#..#..
..............#######.#
#..#.#
#########.#...'.'..##.#
#..#
†......##.#...###.g.#.###
#...
######.##.#...###...#.)..
..........#...+.'._.## ##
#####.....#...###...##
####......###...##
#######.......+J@..###
....†...#<....#######
#########.#.#.# ##
#######


You could see a jelly and a neutral goblin (wandering).

Vanquished Creatures
  An orc priest (D:3)
  A jelly (D:3)
  An iguana (D:3)
  4 adders (D:3)
  A worm (D:2)
  3 dart slugs
  8 orcs (D:3)
  2 ball pythons
  7 bats
  3 endoplasms
  A giant cockroach (D:1)
  7 goblins
  8 hobgoblins
  7 kobolds
  4 quokkas
  4 frilled lizards
  5 rats
67 creatures vanquished.

Vanquished Creatures (others)
  A fungus (D:3)
  7 plants (D:3)
8 creatures vanquished.

Grand Total: 75 creatures vanquished

Notes
Turn   | Place    | Note
-------+----------+-------------------------------------------
     0 | D:1      | Hubris850 the Merfolk Transmuter began the quest for the
                  | Orb.
     0 | D:1      | Reached XP level 1. HP: 15/15 MP: 3/3
   315 | D:1      | Reached XP level 2. HP: 16/21 MP: 5/5
   391 | D:1      | Reached XP level 3. HP: 21/27 MP: 6/6
   522 | D:1      | Reached skill level 4 in Unarmed Combat
   742 | D:2      | Found Zameewn's One-of-a-Kind Rings.
  1217 | D:2      | Learned a level 3 spell: Ozocubu's Armour
  1443 | D:3      | Reached XP level 4. HP: 26/33 MP: 7/7
  1469 | D:3      | Reached skill level 5 in Unarmed Combat
  1739 | D:3      | Found a faded altar of an unknown god.
  1802 | D:3      | Reached XP level 5. HP: 38/38 MP: 8/8
  1858 | D:3      | Reached skill level 1 in Ice Magic
  2025 | D:3      | Learned a level 4 spell: Ice Form
  2109 | D:3      | Identified the +2 leather armour "Eckipeiv" {-Cast +Inv
                  | Regen+ Str-5}
  2171 | D:3      | Found a shimmering altar of Xom.
  2189 | D:3      | Splashed by a jelly's acid

Illustrated notes

Levels and vault maps discovered:
D:1:      scummos_arrival_simple_fountains, layout_loops_ring,
          wad_floor_pattern_2
D:2:      layout_basic, nicolae_shop_unique_rings, minmay_goblin_kobold_house
D:3:      layout_basic, dk_xom_monty_hall,
          shapermc_ecumenical_altar_mp_ritualfount

Skill      XL: |  1  2  3  4  5 |
---------------+----------------+-----
Dodging        | 3 |  3.0
Fighting       | 2 |  2.0
Unarmed Combat | 4 5 |  5.2
Transmutations | 3 |  3.7
Ice Magic      | 2 |  2.1
Spellcasting   | |  2.6

Action                   |  1- 3 |  4- 6 || total
-------------------------+-------+-------++-------
Melee: Unarmed           |   135 |   129 ||   264
       Punch             |     4 |     8 ||    12
Throw: Boomerang         |     2 |       ||     2
Armor: Robe              |     6 |       ||     6
       Ring mail         |    28 |    47 ||    75
       Leather armour    |       |     3 ||     3
Dodge: Dodged            |    60 |    82 ||   142

Table legend: (Time is in decaauts)
 A = Elapsed time spent in this place.
 B = Non-inter-level travel time spent in this place.
 C = Inter-level travel time spent in this place.
 D = Time resting spent in this place.
 E = Time spent auto-exploring this place.
 F = Levels seen in this place.
 G = Mean time per level.
                   A        B        C        D        E       F      G
               +--------+--------+--------+--------+--------+-----+--------+
         Total |   2166 |   2095 |     71 |    193 |   1350 |   3 |  722.0 |
       Dungeon |   2166 |   2095 |     71 |    193 |   1350 |   3 |  722.0 |
               +--------+--------+--------+--------+--------+-----+--------+

Top non-repeatable levels by time:
     D:3: 820 daAuts
     D:1: 733 daAuts
     D:2: 612 daAuts
